[Event "42nd Olympiad Baku 2016 Open"]
[Site "Baku"]
[Date "2016.09.05"]
[Round "4.27"]
[White "Stachanczyk, Jacek"]
[Black "Guseinov, Gadir"]
[Result "0-1"]
[ECO "B56"]
[WhiteElo "2192"]
[BlackElo "2625"]
[Annotator ""]
[PlyCount "124"]
[EventDate "2016.??.??"]
[EventCountry "AZE"]
[SourceTitle "playchess.com"]
[Source "ChessBase"]
[WhiteTeam "IBCA"]
[BlackTeam "AZE"]
[WhiteTeamCountry "POL"]
[BlackTeamCountry "AZE"]
[TimeControl "40/5400+30:1800+30"]

1. e4 {(00:00)} c5 {(00:00)} 2. Nf3 {(00:00)} d6 {(
00:12)} 3. d4 {(00:00)} cxd4 {(00:10)} 4. Nxd4 {(00:00)}
Nf6 {(00:15)} 5. Nc3 {(06:36)} Bd7 {(00:16)} 6. Bg5 {
(05:11)} e6 {(01:02)} 7. Be2 {(12:00)} a6 {(04:30)}
8. a4 {(02:23)} Nc6 {(01:32)} 9. O-O Qc7 {(05:09)} 10.
Bxf6 {(03:46)} gxf6 {(00:11)} 11. Bh5 {(26:15)} Rg8 {
(03:26)} 12. Qd3 {(04:47)} Rg5 {(11:52)} 13. Nxc6 {
(05:08)} Qxc6 {(06:55)} 14. Be2 {(03:00)} Rc8 {(17:
07)} 15. Kh1 Qb6 {(11:09)} 16. Ra3 {(05:39)} Qc5 {(11:25)}
17. f4 {(06:05)} Rg7 {(00:25)} 18. f5 {(01:45)} Qe5 {
(03:58)} 19. Raa1 {(03:14)} Be7 {(02:52)} 20. Nd1 {
(02:32)} Rg5 {(09:37)} 21. fxe6 {(00:13)} fxe6 {(
00:42)} 22. c3 {(00:31)} Bc6 {(04:15)} 23. Bf3 {(01:35)}
Rd8 {(03:31)} 24. Ne3 {(01:11)} Rg7 {(00:14)} 25. b4 {
(01:13)} h5 {(00:38)} 26. Nc4 {(00:20)} Qg5 {(00:
16)} 27. Na5 {(00:26)} Kf7 {(01:11)} 28. Nxc6 {(00:35)}
bxc6 {(00:01)} 29. Qxa6 {(00:26)} d5 {(01:02)} 30. exd5
cxd5 {(00:15)} 31. Qe2 {(03:51)} Bd6 {(00:04)} 32. Rae1
Be5 {(00:13)} 33. Qe3 {(03:10)} Qh4 {(00:37)} 34. h3 {
(01:14)} Rg3 {(00:58)} 35. Qa7+ {(01:27)} Kg8 {(00:
11)} 36. Rxe5 {(02:04)} fxe5 {(00:01)} 37. Be2 {(00:46)}
Kh8 {(01:01)} 38. Rf7 {(00:03)} Qe4 {(01:10)} 39. Qf2 {
(00:00)} Qb1+ {(00:32)} 40. Kh2 {(00:00)} Qg6 {(00:
00)} 41. Qxg3 {(05:08)} Qxf7 {(00:47)} 42. Qxe5+ {(03:23)}
Qg7 {(00:33)} 43. Qxh5+ {(05:54)} Kg8 {(00:15)} 44. a5 {
(04:07)} d4 {(03:37)} 45. cxd4 {(02:12)} Rxd4 {(01:
49)} 46. Qc5 {(02:31)} Qf6 {(04:00)} 47. Qc8+ Rd8 {(08:08]
} 48. Qc7 {(01:26)} Rd2 {(00:37)} 49. Qg3+ {(02:28)} Kh8 {
(01:00)} 50. Bc4 {(02:21)} Rd4 {(04:32)} 51. Qc7 e5 {
(01:47)} 52. Qc8+ {(01:02)} Kg7 {(01:23)} 53. Qg8+ {
(02:32)} Kh6 {(00:01)} 54. Be2 {(01:11)} Rxb4 {(03:
10)} 55. Qa2 {(00:22)} Qf4+ {(01:36)} 56. Kh1 {(00:07)}
Qc1+ {(00:48)} 57. Kh2 {(03:35)} Kg7 {(00:33)} 58. Bh5 {
(00:04)} Qf4+ {(01:10)} 59. Kh1 {(00:48)} Rc4 {(01:
26)} 60. Bd1 {(02:02)} Rc1 {(01:52)} 61. Qb3 {(00:14)}
Qf1+ {(00:44)} 62. Kh2 Rxd1 {(00:22)} 0-1

[Event "42nd Olympiad Baku 2016 Open"]
[Site "Baku"]
[Date "2016.09.05"]
[Round "4.6"]
[White "Strugnell, Carl"]
[Black "Maghsoodloo, Parham"]
[Result "0-1"]
[ECO "B00"]
[WhiteElo "2239"]
[BlackElo "2566"]
[Annotator ""]
[PlyCount "68"]
[EventDate "2016.??.??"]
[EventCountry "AZE"]
[SourceTitle "playchess.com"]
[Source "ChessBase"]
[WhiteTeam "Wales"]
[BlackTeam "Iran"]
[WhiteTeamCountry "WLS"]
[BlackTeamCountry "IRI"]
[TimeControl "40/5400+30:1800+30"]

1. e4 {(00:00)} d6 {(00:00)} 2. d4 {(00:00)} g6 {(
00:00)} 3. Nf3 {(00:31)} Bg7 {(00:00)} 4. Bd3 {(00:58)} e5
{(03:16)} 5. c3 {(02:35)} Nc6 {(00:31)} 6. Bb5 {(
09:31)} exd4 {(01:55)} 7. cxd4 {(03:07)} a6 {(02:06)} 8.
Bxc6+ {(02:44)} bxc6 {(02:41)} 9. Qc2 {(02:16)} Ne7 {
(01:27)} 10. Bg5 {(02:12)} O-O {(01:44)} 11. O-O {(
01:47)} Rb8 {(06:06)} 12. Nbd2 {(04:12)} Bd7 {(08:38)} 13.
h3 {(09:09)} h6 {(01:21)} 14. Bxe7 {(04:50)} Qxe7 {
(00:05)} 15. Nb3 {(02:10)} Rb5 {(03:03)} 16. Rfe1 {
(01:58)} Rfb8 {(03:01)} 17. Re3 {(10:49)} a5 {(08:
32)} 18. a4 {(01:40)} Rb4 {(00:11)} 19. e5 {(00:48)} Bf5 {
(02:56)} 20. Qd1 {(00:27)} Qd7 {(00:13)} 21. Nxa5 {
(04:08)} Rxb2 {(01:42)} 22. Rc1 {(02:54)} Rb1 {(04:
18)} 23. Kh2 {(14:41)} h5 {(08:31)} 24. Rec3 {(01:27)} Bh6
{(11:11)} 25. Nxc6 {(01:34)} Rxc1 {(06:04)} 26. Rxc1 {
(00:19)} Rb2 {(00:17)} 27. e6 {(12:58)} Qxe6 {(03:
13)} 28. Ra1 {(02:38)} Rxf2 {(01:25)} 29. d5 {(00:38)} Qe4
{(02:09)} 30. Ra3 {(00:35)} Bxh3 {(01:51)} 31. Ne7+ {
(01:05)} Qxe7 {(00:56)} 32. Kxh3 {(00:12)} Bf4 {(
00:10)} 33. Qg1 {(00:58)} Qd7+ {(00:03)} 34. g4 {(00:04)}
Rf1 {(01:24)} 0-1

[Event "42nd Olympiad Baku 2016 Open"]
[Site "Baku"]
[Date "2016.09.05"]
[Round "4.7"]
[White "Studer, Noel"]
[Black "El Debs, Felipe de Cresce"]
[Result "1/2-1/2"]
[ECO "B38"]
[WhiteElo "2445"]
[BlackElo "2523"]
[Annotator ""]
[PlyCount "136"]
[EventDate "2016.??.??"]
[EventCountry "AZE"]
[SourceTitle "playchess.com"]
[Source "ChessBase"]
[WhiteTeam "Switzerland"]
[BlackTeam "Brazil"]
[WhiteTeamCountry "SUI"]
[BlackTeamCountry "BRA"]
[TimeControl "40/5400+30:1800+30"]

1. e4 {(00:00)} c5 {(00:00)} 2. Nf3 {(00:00)} g6 {(
00:00)} 3. d4 {(00:00)} cxd4 {(00:00)} 4. Nxd4 {(00:00)}
Bg7 {(00:08)} 5. c4 {(00:00)} Nc6 {(00:19)} 6. Be3 {
(00:06)} Nf6 {(00:14)} 7. Nc3 {(00:16)} d6 {(00:11]
} 8. Be2 {(00:06)} O-O {(00:15)} 9. O-O {(00:02)} Bd7 {
(00:11)} 10. Nc2 {(00:05)} Rc8 {(01:03)} 11. f3 {(
09:38)} Be6 {(00:28)} 12. Qd2 {(03:14)} Nd7 {(01:22)} 13.
Rac1 {(05:09)} Re8 {(11:05)} 14. Rfd1 {(09:11)} Qa5 {
(01:33)} 15. Na3 {(00:07)} a6 {(04:16)} 16. Nab1 {(
08:57)} Nc5 {(07:35)} 17. b3 {(10:50)} Rb8 {(02:40)} 18.
Nd5 {(01:40)} Qxd2 {(00:59)} 19. Rxd2 {(00:08)} a5 {
(04:17)} 20. Nbc3 {(02:27)} Nb4 {(08:47)} 21. Nb5 {
(13:42)} Kf8 {(05:07)} 22. Rb1 {(03:03)} Nxd5 {(03:
53)} 23. exd5 {(02:44)} Bd7 {(01:26)} 24. Nd4 {(00:08)} h5
{(02:47)} 25. h3 {(05:41)} Bf6 {(05:31)} 26. g4 {(
02:05)} hxg4 {(00:17)} 27. hxg4 {(00:03)} g5 {(03:11)} 28.
a3 {(01:45)} Kg7 {(00:55)} 29. b4 {(00:39)} axb4 {(
00:10)} 30. axb4 {(00:04)} Na4 {(00:51)} 31. Bd3 {(01:02)}
Rh8 {(04:29)} 32. Bf5 {(03:10)} Bxf5 {(00:57)} 33. Nxf5+ {
(00:24)} Kg6 {(00:08)} 34. Rc1 {(04:53)} Rh3 {(02:
43)} 35. Rh2 {(00:20)} Rxh2 {(00:33)} 36. Kxh2 {(00:02)}
e6 {(00:29)} 37. dxe6 {(01:22)} fxe6 {(00:05)} 38. Nd4 {
(00:08)} Nb2 {(02:03)} 39. Kg2 {(07:46)} Nd3 {(02:
19)} 40. Rd1 {(00:00)} Nb2 {(00:00)} 41. Rc1 {(01:14)} Rc8
{(10:33)} 42. c5 {(02:55)} Nd3 {(01:16)} 43. Rd1 {(
04:20)} dxc5 {(01:43)} 44. bxc5 {(07:49)} Nxc5 {(04:02)}
45. Rc1 {(00:03)} Bxd4 {(01:04)} 46. Bxd4 {(00:02)} b6 {
(00:07)} 47. Be3 {(00:05)} Rc7 {(00:57)} 48. Kg3 {(
00:59)} e5 {(01:48)} 49. Kg2 {(00:18)} Kf6 {(00:25)} 50.
Kg3 {(00:45)} e4 {(01:29)} 51. Kg2 {(02:55)} exf3+ {
(01:01)} 52. Kxf3 {(00:05)} Kg6 {(00:11)} 53. Kg2 {
(00:06)} Rc6 {(00:18)} 54. Bg1 {(01:20)} Kf7 {(00:
29)} 55. Be3 {(00:20)} Kf6 {(00:10)} 56. Kh3 {(02:05)} Rc8
{(00:30)} 57. Kg2 {(00:31)} Rc7 {(00:06)} 58. Rb1 {
(04:30)} Rc6 {(00:38)} 59. Rc1 {(00:02)} Kg6 {(01:
41)} 60. Kh3 {(00:35)} Rc7 {(00:19)} 61. Kg2 {(00:09)} Rc8
{(00:06)} 62. Rb1 {(00:38)} Rc6 {(01:54)} 63. Rc1 {
(00:04)} Kf7 {(00:45)} 64. Bxg5 {(00:41)} Rg6 {(00:
06)} 65. Be3 {(00:03)} Rxg4+ {(00:10)} 66. Kf3 {(00:01)}
Rg6 {(00:48)} 67. Bxc5 {(00:05)} bxc5 {(00:05)} 68. Rxc5 {
(00:04)} Re6 {(00:05] Ke4} 1/2-1/2

[Event "42nd Olympiad Baku 2016 Open"]
[Site "Baku"]
[Date "2016.09.05"]
[Round "4.35"]
[White "Su, Haifeng"]
[Black "Ameku, Philip Elikem"]
[Result "0-1"]
[ECO "B34"]
[WhiteElo "1800"]
[BlackElo "1914"]
[Annotator ""]
[PlyCount "96"]
[EventDate "2016.??.??"]
[EventCountry "AZE"]
[SourceTitle "playchess.com"]
[Source "ChessBase"]
[WhiteTeam "Guyana"]
[BlackTeam "Ghana"]
[WhiteTeamCountry "GUY"]
[BlackTeamCountry "GHA"]
[TimeControl "40/5400+30:1800+30"]

1. e4 {(00:00)} c5 {(00:00)} 2. Nf3 {(00:00)} g6 {(
00:00)} 3. d4 {(01:07)} cxd4 {(00:00)} 4. Nxd4 {(00:06)}
Nc6 {(00:40)} 5. Nxc6 {(06:02)} bxc6 {(00:11)} 6. Qd4 {
(00:06)} Nf6 {(09:05)} 7. e5 {(07:24)} Ng8 {(01:08]
} 8. e6 {(01:59)} Nf6 {(00:05)} 9. exf7+ {(01:59)} Kxf7 {
(00:03)} 10. Bc4+ {(04:16)} d5 {(00:28)} 11. O-O {(
04:28)} Bg7 {(01:51)} 12. Bb3 {(01:46)} Rf8 {(02:52)} 13.
Qh4 {(03:14)} Kg8 {(02:50)} 14. c3 {(01:37)} Ba6 {(
03:18)} 15. Re1 {(01:06)} Kh8 {(06:42)} 16. Bg5 {(01:11)}
Qd6 {(03:19)} 17. Bc2 {(03:03)} Kg8 {(00:44)} 18. Nd2 {
(05:32)} e5 {(00:45)} 19. Rad1 {(02:06)} Rae8 {(00:
41)} 20. Qa4 {(09:54)} Bb5 {(01:54)} 21. Qh4 {(04:07)} Qb8
{(03:20)} 22. Re3 {(07:49)} Re7 {(12:51)} 23. Bb3 {
(04:26)} Kh8 {(01:25)} 24. Bc2 {(04:56)} Kg8 {(00:
03)} 25. Bb3 {(00:25)} Kh8 {(01:32)} 26. Bc2 {(04:37)} Kg8
{(01:07)} 27. Bb3 {(01:15)} Ref7 {(02:22)} 28. Rde1 {
(03:20)} Nh5 {(07:24)} 29. Rh3 {(05:20)} Rxf2 {(06:
20)} 30. g4 {(02:26)} R2f4 {(07:04)} 31. Bxf4 {(00:33)}
Rxf4 {(00:26)} 32. Rf3 {(04:18)} Qb6+ {(03:31)} 33. Kg2 {
(01:24)} Bf6 {(01:50)} 34. Qh3 {(01:07)} Rxf3 {(00:
51)} 35. Qxf3 {(00:26)} Nf4+ {(00:07)} 36. Kh1 {(01:13)}
Ba6 {(00:47)} 37. g5 {(01:05)} Bg7 {(00:45)} 38. Ne4 {
(01:01)} Kh8 {(02:42)} 39. Nf6 {(00:16)} Qc7 {(03:
12)} 40. Qg4 {(00:00)} h5 {(00:00)} 41. Qf3 {(09:27)} e4 {
(13:16)} 42. Qe3 {(03:17)} Nd3 {(07:40)} 43. Re2 {(
06:18)} Ne5 {(06:42)} 44. Rf2 {(03:04)} Qb8 {(05:58)} 45.
Bd1 {(04:51)} Bc8 {(05:25)} 46. Ne8 Bg4 {(04:48)} 47. Nxg7
{(03:18)} Bxd1 {(01:15)} 48. Ne6 {(00:24)} Bf3+ {(
00:28)} 0-1

[Event "42nd Olympiad Baku 2016 Open"]
[Site "Baku"]
[Date "2016.09.05"]
[Round "4.22"]
[White "Subramaniam, Sumant"]
[Black "Ulloa, Ruben Guillermo"]
[Result "1-0"]
[ECO "A37"]
[WhiteElo "2137"]
[BlackElo "2128"]
[Annotator ""]
[PlyCount "89"]
[EventDate "2016.??.??"]
[EventCountry "AZE"]
[SourceTitle "playchess.com"]
[Source "ChessBase"]
[WhiteTeam "Malaysia"]
[BlackTeam "Panama"]
[WhiteTeamCountry "MAS"]
[BlackTeamCountry "PAN"]
[TimeControl "40/5400+30:1800+30"]

1. Nf3 {(00:00)} c5 {(00:00)} 2. g3 {(00:49)} g6 {(
00:02)} 3. Bg2 {(01:07)} Bg7 {(00:09)} 4. c4 {(00:59)} Nc6
{(00:14)} 5. Nc3 {(00:23)} e6 {(00:10)} 6. O-O {(
00:46)} Nge7 {(00:07)} 7. b3 {(00:56)} O-O {(00:24)} 8.
Bb2 {(00:27)} b6 {(00:09)} 9. Na4 {(03:17)} d5 {(
04:31)} 10. Bxg7 {(07:57)} Kxg7 {(00:10)} 11. cxd5 {(01:
45)} Nxd5 {(00:54)} 12. d4 {(02:50)} cxd4 {(00:35)} 13.
Nxd4 {(00:16)} Bb7 {(02:04)} 14. Rc1 {(08:25)} Rc8 {
(03:09)} 15. Nxc6 {(02:25)} Bxc6 {(00:10)} 16. Qd4+ {
(00:14)} Qf6 {(00:08)} 17. Qxf6+ {(01:20)} Kxf6 {(
00:08)} 18. Nb2 {(02:52)} Bb5 {(00:33)} 19. Nc4 {(01:08)}
Rc5 {(00:59)} 20. Bxd5 {(41:59)} exd5 {(01:29)} 21. Ne3 {
(05:51)} d4 {(00:23)} 22. Rxc5 {(01:57)} bxc5 {(00:
11)} 23. Nd5+ {(00:03)} Ke5 {(00:46)} 24. Nf4 {(00:13)}
Re8 {(00:52)} 25. Rd1 {(00:51)} g5 {(11:13)} 26. Nd3+ {
(00:14)} Kd5 {(00:22)} 27. Kf1 {(00:26)} a5 {(05:
30)} 28. Rc1 {(03:36)} Rc8 {(00:39)} 29. Nb2 {(00:36)} Ra8
{(00:48)} 30. Nc4 {(00:41)} Ra6 {(00:43)} 31. a4 {(
00:30)} Bd7 {(00:45)} 32. Ke1 {(01:51)} Be6 {(01:20)} 33.
Kd2 {(00:45)} g4 {(04:09)} 34. Re1 {(01:44)} Ke4 {(
00:46)} 35. Rb1 {(01:38)} h5 {(06:46)} 36. Rb2 {(02:02)}
f5 {(02:51)} 37. Rb1 {(00:06)} f4 {(00:08)} 38. Nb2 {
(01:02)} fxg3 {(24:01)} 39. Nd3 {(00:24)} Rc6 {(02:
40)} 40. fxg3 {(00:00)} Bf7 {(00:00)} 41. Rc1 {(02:48)}
Kd5 {(25:43)} 42. Rf1 {(00:15)} Ke6 {(00:08)} 43. Rxf7 {
(00:15)} c4 {(00:51)} 44. bxc4 {(00:05)} Rxc4 {(00:
05)} 45. Ra7 1-0

[Event "42nd Olympiad Baku 2016 Open"]
[Site "Baku"]
[Date "2016.09.05"]
[Round "4.17"]
[White "Suringa Jr, Paquito"]
[Black "Bah, Ebrima"]
[Result "0-1"]
[ECO "D55"]
[WhiteElo "1712"]
[BlackElo "2054"]
[Annotator ""]
[PlyCount "99"]
[EventDate "2016.??.??"]
[EventCountry "AZE"]
[SourceTitle "playchess.com"]
[Source "ChessBase"]
[WhiteTeam "PLW"]
[BlackTeam "GAM"]
[BlackTeamCountry "GAM"]
[TimeControl "40/5400+30:1800+30"]

1. d4 {(00:00)} Nf6 {(00:15)} 2. c4 {(00:49)} d5 {(
00:37)} 3. Nc3 {(00:37)} e6 {(02:05)} 4. Bg5 {(00:34)} Be7
{(01:05)} 5. Nf3 {(00:45)} O-O {(00:50)} 6. e3 {(
00:16)} b6 {(01:23)} 7. Bd3 {(00:48)} Bb7 {(00:38)} 8.
Bxf6 {(02:04)} Bxf6 {(00:18)} 9. cxd5 {(00:21)} exd5 {
(01:03)} 10. O-O {(00:27)} Nd7 {(02:15)} 11. Qc2 {(
00:38)} g6 {(00:26)} 12. h3 {(00:39)} c5 {(00:42)} 13. b3
{(01:58)} a6 {(01:22)} 14. Rac1 {(01:18)} Rc8 {(00:
52)} 15. Qd1 {(02:30)} Bg7 {(02:39)} 16. Bb1 {(02:03)} Re8
{(00:35)} 17. Ne2 {(02:48)} Nf6 {(04:16)} 18. Ng3 {
(01:26)} Ne4 {(01:34)} 19. Nxe4 {(02:12)} dxe4 {(
00:17)} 20. Nd2 {(01:48)} cxd4 {(00:26)} 21. Rxc8 {(02:58]
} Qxc8 {(01:42)} 22. exd4 {(01:03)} Qd8 {(01:22)} 23. Re1
{(02:39)} Qxd4 {(02:51)} 24. Qe2 {(00:50)} f5 {(01:
47)} 25. Nc4 {(00:32)} Rd8 {(01:48)} 26. Bc2 {(01:17)} b5
{(04:08)} 27. Rd1 {(01:04)} Qf6 {(00:13)} 28. Ne3 {
(00:32)} Rxd1+ {(00:44)} 29. Qxd1 {(01:29)} Qa1 {(
00:38)} 30. b4 {(01:45)} Qxd1+ {(00:39)} 31. Nxd1 {(00:46]
} Bd5 {(00:08)} 32. a3 {(01:14)} f4 {(01:11)} 33. Kf1 {
(00:32)} Kf7 {(00:35)} 34. Ke2 {(00:24)} Ke6 {(00:
59)} 35. h4 {(02:52)} Bd4 {(04:00)} 36. g3 {(03:10)} Bc4+
{(01:58)} 37. Ke1 {(00:42)} fxg3 {(02:22)} 38. Bxe4 {
(01:51)} Bd5 {(01:59)} 39. Bxd5+ {(07:10)} Kxd5 {(
00:14)} 40. fxg3 {(00:00)} Kc4 {(00:00)} 41. Kd2 {(00:53)}
Kb3 {(06:14)} 42. Kd3 {(01:09)} Be5 {(00:27)} 43. g4 {
(01:44)} Kxa3 {(00:39)} 44. Ne3 {(00:11)} Kxb4 {(
00:36)} 45. Kc2 {(01:09)} a5 {(00:18)} 46. Nd5+ {(01:50)}
Kc5 {(00:41)} 47. Ne3 {(00:51)} a4 {(00:12)} 48. h5 {
(01:47)} b4 {(00:37)} 49. Kb1 {(01:05)} b3 {(00:22]
} 50. Nd1 {(01:41)} 0-1

[Event "42nd Olympiad Baku 2016 Open"]
[Site "Baku"]
[Date "2016.09.05"]
[Round "4.30"]
[White "Tagelsir, Abubaker"]
[Black "Frick, Renato"]
[Result "1-0"]
[ECO "A05"]
[WhiteElo "2216"]
[BlackElo "2000"]
[Annotator ""]
[PlyCount "255"]
[EventDate "2016.??.??"]
[EventCountry "AZE"]
[SourceTitle "playchess.com"]
[Source "ChessBase"]
[WhiteTeam "Sudan"]
[BlackTeam "Liechtenstein"]
[WhiteTeamCountry "SUD"]
[BlackTeamCountry "LIE"]
[TimeControl "40/5400+30:1800+30"]

1. Nf3 {(00:00)} Nf6 {(00:00)} 2. g3 {(00:00)} b5 {
(01:52)} 3. Bg2 {(00:00)} Bb7 {(00:06)} 4. O-O {(
00:19)} e6 {(03:09)} 5. d3 {(02:30)} d5 {(02:47)} 6. Nd4 {
(07:22)} a6 {(00:53)} 7. c4 {(00:20)} c5 {(03:25)}
8. Nb3 {(01:01)} Qc7 {(08:56)} 9. Bf4 {(08:33)} e5 {
(06:13)} 10. Bg5 {(09:47)} bxc4 {(02:59)} 11. dxc4 {
(00:18)} d4 {(00:20)} 12. e3 {(07:37)} Bxg2 {(02:
51)} 13. Kxg2 {(00:16)} Be7 {(23:25)} 14. Bxf6 {(03:10)}
Bxf6 {(01:02)} 15. e4 {(04:16)} O-O {(03:43)} 16. N1d2 {
(00:10)} a5 {(01:51)} 17. Nf3 {(05:57)} a4 {(06:42]
} 18. Nc1 {(05:06)} Nc6 {(01:40)} 19. Nd3 {(02:35)} Be7 {
(00:15)} 20. Re1 {(02:47)} Bd6 {(01:22)} 21. Qd2 {(
03:03)} Rfb8 {(02:18)} 22. Rad1 {(07:48)} Nb4 {(02:03)}
23. Nc1 {(00:37)} Rb6 {(01:21)} 24. h4 {(01:29)} Rab8 {
(00:53)} 25. Re2 {(00:06)} f6 {(02:17)} 26. a3 {(
03:05)} Nc6 {(00:17)} 27. Nd3 {(00:06)} Ra6 {(02:56)} 28.
Rc1 {(07:36)} Na5 {(00:27)} 29. Qc2 {(00:08)} Nb3 {
(00:14)} 30. Rh1 {(00:08)} Qf7 {(01:18)} 31. h5 {(
01:04)} Rab6 {(04:25)} 32. g4 {(05:18)} Qe6 {(07:22)} 33.
Nh2 {(00:09)} g5 {(00:13)} 34. Rd1 {(04:14)} Qd7 {(
01:07)} 35. f3 {(02:49)} Na5 {(01:03)} 36. Nf1 {(00:18)}
Bf8 {(03:03)} 37. Ng3 {(00:14)} Nb7 {(00:46)} 38. Nf5 {
(00:42)} Nd8 {(00:10)} 39. Rdd2 {(04:48)} Ne6 {(00:
07)} 40. Kf2 {(00:00)} h6 {(00:00)} 41. Qd1 {(02:18)} Rb3
{(01:13)} 42. Nc1 {(01:05)} R3b6 {(02:12)} 43. Nd3 {
(00:06)} Qa7 {(01:12)} 44. Qc1 {(09:07)} Rb3 {(00:
29)} 45. Kg3 {(06:17)} Qa6 {(03:58)} 46. Kf2 {(00:28)}
R8b6 {(01:19)} 47. Re1 {(01:25)} Qb7 {(01:07)} 48. Ree2 {
(00:06)} Qb8 {(04:59)} 49. Kg1 {(00:36)} Rb7 {(09:
28)} 50. Kf2 {(01:31)} Qa8 {(01:01)} 51. Kg3 {(01:22)} Rd7
{(00:43)} 52. Rf2 {(04:25)} Qa6 {(01:06)} 53. Qc2 {
(02:32)} Rb8 {(00:32)} 54. Kh2 {(00:36)} Qa5 {(00:
28)} 55. Rg2 {(01:02)} Rdb7 {(00:16)} 56. Qc1 {(00:08)}
Rb3 {(00:38)} 57. Rgf2 {(00:10)} Qa7 {(01:27)} 58. Kg1 {
(00:26)} Nc7 {(00:23)} 59. Qf1 {(01:01)} Ne6 {(01:
20)} 60. Qc1 {(01:54)} Qa5 {(00:44)} 61. Kh2 {(00:13)} Qa6
{(00:38)} 62. Kg1 {(01:11)} R8b7 {(01:13)} 63. Kh2 {
(00:06)} Qa7 {(00:52)} 64. Qf1 {(00:59)} Qb8 {(00:
15)} 65. Qc1 {(00:14)} Kh7 {(00:07)} 66. Qd1 {(00:25)} Qa7
{(01:10)} 67. Nc1 {(01:10)} R3b6 {(00:10)} 68. Nd3 {
(00:05)} Rb8 {(00:48)} 69. Qc1 {(00:25)} Be7 {(02:
09)} 70. Nxe7 {(00:13)} Qxe7 {(00:05)} 71. Qd1 {(00:51)}
Qa7 {(00:16)} 72. Qc1 {(00:17)} Qa6 {(00:43)} 73. Rg2 {
(00:01)} Rb3 {(00:25)} 74. Rgf2 {(00:07)} Qa5 {(01:
11)} 75. Qc2 {(02:15)} Qa7 {(01:27)} 76. Kh1 {(01:34)}
R3b7 {(00:52)} 77. Kh2 {(00:06)} Rd7 {(01:30)} 78. Kh1 {
(00:41)} Rb3 {(00:23)} 79. Kh2 {(00:13)} Nd8 {(01:
00)} 80. Nc1 {(01:25)} Rbb7 {(00:29)} 81. Nd3 {(00:36)}
Nf7 {(00:00)} 82. Rd1 {(02:59)} Nd6 {(00:30)} 83. Rfd2 {
(00:14)} Rb3 {(00:16)} 84. Kg2 {(00:14)} Rc7 {(00:
33)} 85. Nc1 {(00:32)} Rb8 {(00:27)} 86. Nd3 {(00:04)} Qa6
{(00:39)} 87. Rc1 {(00:06)} Rb3 {(00:20)} 88. Re2 {
(00:23)} Rc8 {(01:48)} 89. Rd2 {(00:05)} Kg7 {(00:
39)} 90. Re2 {(00:04)} Kf7 {(00:05)} 91. Rd2 {(00:04)} Ke7
{(00:34)} 92. Re2 {(00:10)} Qc6 {(00:36)} 93. Qd1 {
(00:54)} Rcb8 {(00:11)} 94. Rcc2 {(00:29)} Ne8 {(
00:11)} 95. Red2 {(00:21)} Ng7 {(00:09)} 96. Nc1 {(00:22)}
R3b7 {(00:09)} 97. Rf2 {(00:30)} Ne6 {(00:04)} 98. Nd3 {
(00:16)} Rb3 {(00:07)} 99. Kh2 {(00:18)} Qb6 {(00:
31)} 100. Rcd2 {(01:34)} Qa6 {(00:17)} 101. Qc1 {(00:12)}
R8b6 {(00:51)} 102. Kg1 {(00:51)} Qb7 {(00:22)} 103. Qc2 {
(00:19)} Qa6 {(00:38)} 104. Kh2 {(00:15)} Kd6 {(00:
26)} 105. Kh1 {(00:06)} Rb8 {(00:37)} 106. Kh2 {(00:08)}
Kc7 {(00:46)} 107. Kh1 {(00:25)} Qc6 {(00:20)} 108. Kh2 {
(00:41)} Nd8 {(01:06)} 109. Qd1 {(02:01)} Nb7 {(00:
21)} 110. Nc1 {(00:35)} Re3 {(00:16)} 111. Rd3 {(01:26)}
Rxd3 {(00:17)} 112. Qxd3 {(00:21)} Nd6 {(00:06)} 113. Rc2
{(00:07)} Qa6 {(00:26)} 114. Kg3 {(00:25)} Nb7 {(
00:40)} 115. Kf2 {(01:52)} Na5 {(00:11)} 116. Kg3 {(00:12]
} Nb3 {(00:14)} 117. Ne2 {(00:03)} Qa5 {(00:27)} 118. Kf2
{(00:06)} Qb6 {(01:11)} 119. Ng3 {(00:30)} Qe6 {(
01:37)} 120. Nf5 {(00:25)} Na5 {(00:16)} 121. Qd2 {(00:32]
} Nb3 {(01:40)} 122. Qd3 {(00:29)} Na5 {(01:02)} 123. Nxh6
{(00:13)} Rb3 {(00:18)} 124. Qd2 {(00:11)} Nxc4 {(
00:07)} 125. Qc1 {(00:08)} Ne3 {(01:40)} 126. Rxc5+ {(00:
11)} Kb6 {(00:06)} 127. Rc8 {(00:24)} Rxb2+ {(00:07)} 128.
Qxb2+ {(00:14)} 1-0

[Event "42nd Olympiad Baku 2016 Open"]
[Site "Baku"]
[Date "2016.09.05"]
[Round "4.26"]
[White "Taher, Yoseph Theolifus"]
[Black "Kovalyov, Anton"]
[Result "0-1"]
[ECO "B52"]
[WhiteElo "2321"]
[BlackElo "2617"]
[Annotator ""]
[PlyCount "124"]
[EventDate "2016.??.??"]
[EventCountry "AZE"]
[SourceTitle "playchess.com"]
[Source "ChessBase"]
[WhiteTeam "Indonesia"]
[BlackTeam "Canada"]
[WhiteTeamCountry "INA"]
[BlackTeamCountry "CAN"]
[TimeControl "40/5400+30:1800+30"]

1. e4 {(00:00)} c5 {(00:00)} 2. Nf3 {(00:00)} d6 {(
00:00)} 3. Bb5+ {(00:08)} Bd7 {(00:02)} 4. Bxd7+ {(00:05)}
Qxd7 {(00:06)} 5. c4 {(00:47)} Nf6 {(01:12)} 6. Nc3 {
(00:07)} e6 {(01:21)} 7. d4 {(02:07)} cxd4 {(00:07]
} 8. Nxd4 {(00:04)} Be7 {(00:28)} 9. Be3 {(00:15)} O-O {
(00:14)} 10. O-O {(03:17)} a6 {(01:37)} 11. Qe2 {(
01:57)} Qc7 {(01:09)} 12. Rac1 {(01:23)} Nbd7 {(00:12)}
13. Rfd1 {(01:41)} Rfe8 {(00:31)} 14. b3 {(12:57)} Rac8 {
(01:01)} 15. Nf3 {(04:26)} Nf8 {(05:16)} 16. Bd4 {(
08:04)} Ng6 {(01:17)} 17. Qd3 {(02:31)} Qa5 {(02:28)} 18.
Qd2 {(02:48)} Qh5 {(02:39)} 19. Qg5 {(17:26)} Qxg5 {
(05:57)} 20. Nxg5 {(00:47)} Rc6 {(12:02)} 21. Nf3 {
(03:35)} Rec8 {(00:31)} 22. a4 {(01:37)} Nd7 {(00:
35)} 23. g3 {(03:52)} Bd8 {(04:04)} 24. Kf1 {(03:39)} Ba5
{(01:04)} 25. Ke2 {(02:45)} f6 {(01:21)} 26. Be3 {(
02:55)} Nc5 {(01:41)} 27. Bxc5 {(00:17)} dxc5 {(00:07)}
28. Kd3 {(01:39)} Kf8 {(01:58)} 29. Kc2 {(01:33)} Ke8 {
(02:36)} 30. Rd3 {(01:02)} Nh8 {(01:23)} 31. Rcd1 {
(00:23)} Nf7 {(00:33)} 32. Rd7 {(02:45)} R6c7 {(00:
39)} 33. Rxc7 {(00:43)} Bxc7 {(00:20)} 34. Ne2 {(02:38)}
Ke7 {(01:34)} 35. Ne1 {(00:38)} g5 {(01:39)} 36. Nd3 {
(00:25)} Bd6 {(00:27)} 37. f4 {(00:45)} h5 {(01:15]
} 38. Rf1 {(02:44)} Rh8 {(00:51)} 39. h4 {(00:00)} gxh4 {
(00:00)} 40. gxh4 {(00:00)} Rg8 {(00:00)} 41. Rg1 {
(02:31)} Rg4 {(06:12)} 42. Rxg4 {(00:06)} hxg4 {(
00:06)} 43. Kd2 {(01:14)} b6 {(05:12)} 44. Ke3 {(01:38)}
f5 {(00:44)} 45. Ng3 {(04:23)} Nh6 {(00:55)} 46. e5 {
(06:17)} Bc7 {(02:38)} 47. Ke2 {(00:18)} a5 {(00:
23)} 48. Nf2 {(09:39)} Kf7 {(03:23)} 49. Nfh1 {(00:36)}
Bd8 {(00:24)} 50. h5 {(00:04)} Ng8 {(00:13)} 51. Nf1 {
(01:56)} Ne7 {(00:10)} 52. Nhg3 {(00:06)} Nc6 {(00:
14)} 53. Kd3 {(00:08)} Nd4 {(00:32)} 54. Kc3 {(00:22)} Kg7
{(00:08)} 55. Kb2 {(00:14)} Bh4 {(00:09)} 56. Kc3 {
(00:09)} Kh6 {(00:07)} 57. Kb2 {(00:04)} Nf3 {(03:
33)} 58. Kc3 {(00:26)} Ne1 {(00:31)} 59. Ne2 {(00:37)}
Kxh5 {(00:33)} 60. Nfg3+ {(00:23)} Kg6 {(00:31)} 61. Nf1 {
(01:15)} Ng2 {(00:36)} 62. Kd3 {(00:15)} Bf2 {(00:
20)} 0-1